 Dungeon Crawl Stone Soup version 0.27.0-1-g7a089689b8 (webtiles) character file.

Game seed: 5410659986843929692

428 pkoi the Ruffian (level 6, 0/51 HPs)
             Began as a Draconian Fighter on Aug 17, 2021.
             Was an Initiate of Elyvilon.
             Slain by a wyvern (10 damage)
             ... on level 5 of the Dungeon.
             The game lasted 00:04:26 (4911 turns).

pkoi the Ruffian (Draconian Fighter)                Turns: 4911, Time: 00:04:27

Health: 0/51       AC:  7    Str: 18    XL:     6   Next: 65%
Magic:  6/6        EV: 10    Int: 10    God:    Elyvilon [......]
Gold:   241        SH:  9    Dex: 17    Spells: 5/5 levels left

rFire    . . .     SeeInvis .     - Unarmed
rCold    . . .     Faith    .   a - +0 kite shield
rNeg     . . .     Spirit   .   (armour unavailable)
rPois    .         Reflect  .   (helmet restricted)
rElec    .         Harm     .   (no cloak)
rCorr    .         Rampage  .   (no gloves)
Will     .....                  l - +0 pair of boots
Stlth    ++........             (no amulet)
HPRegen  0.17/turn              c - +6 ring of dexterity
MPRegen  0.10/turn              (no ring)

@: no status effects
A: AC +6, unfitting armour, cold-blooded
a: Renounce Religion


You were on level 5 of the Dungeon.
You worshipped Elyvilon.
Elyvilon was noncommittal.
You visited 1 branch of the dungeon, and saw 5 of its levels.

You collected 241 gold pieces.

Inventory:

Hand Weapons
 g - a +0 dagger of venom
Armour
 a - a +0 kite shield (worn)
 l - a +0 pair of boots (worn)
Jewellery
 c - a +6 ring of dexterity (left hand)
Wands
 i - a wand of iceblast (7)
Scrolls
 d - 2 scrolls of identify
Potions
 b - a potion of might
 e - 2 potions of haste {unknown}
 f - a potion of lignification
 h - 2 potions of heal wounds {unknown}
 j - a potion of flight {unknown}
 k - a potion of curing {unknown}


   Skills:
 - Level 3.2 Fighting
 - Level 2.6 Dodging
 - Level 3.0 Shields
 + Level 7.2 Unarmed Combat


You had 5 spell levels left.
You didn't know any spells.
Your spell library was empty.

Dungeon Overview and Level Annotations

Branches:
Dungeon (5/15)
 Temple: D:4-7

Altars:
Elyvilon
Nemelex Xobeh

Shops:
D:3 [   D:5 :

Annotations:
D:5 Blork the orc


Innate Abilities, Weirdness & Mutations

Your plain brown scales are hard. (AC +6)
You cannot fit into any form of body armour.
You are cold-blooded and may be slowed by cold attacks.


Message History

The wyvern hisses angrily.
Blork the orc comes into view.
He is wielding a +0 trident.
There is a stone staircase leading up here.
You are already empty-handed.
The orc completely misses you.
You hit the orc.
The orc is severely wounded.
The orc hits you with a +0 trident.
You completely miss the orc.
Your tail-slap misses the orc.
The orc is severely wounded.
You block the wyvern's attack. The orc hits you with a +0 trident.
The wyvern bites you.
You hit the orc.
You kill the orc!
The wyvern closely misses you. The wyvern bites you!
Things that are here:
a +0 trident; a +0 ring mail; an orc corpse You hit the wyvern.
The wyvern is lightly wounded.
You block the wyvern's attack. The wyvern closely misses you.
You closely miss the wyvern.
The wyvern is lightly wounded.
The wyvern bites you!
You hit the wyvern.
You tail-slap the wyvern, but do no damage.
The wyvern is moderately wounded.
You block the wyvern's attack. x2
You barely miss the wyvern.
The wyvern is moderately wounded.
The wyvern bites you! You block the wyvern's attack.
You hit the wyvern.
Your tail-slap misses the wyvern.
The wyvern is moderately wounded.
The wyvern bites you!
* * * LOW HITPOINT WARNING * * *
You block the wyvern's attack.
You hit the wyvern but do no damage.
The wyvern is moderately wounded.
The wyvern bites you!
You die...

#..#>######.#.#.#[
##>#....##))......
............#.#$#.
##.#⌠.⌠..........
#...∩.).#.#.#.#.
###..⌠.⌠.##.......
#...####.÷....#...
###.#<.<...........#
#..@l...#####..#.#.#
.........##..#
#.....
.......#####.# .#.#.
.##.... ... ....
##... $... .## ...##
.#... .. .##. .#.o.
##


You could see a wyvern.

Vanquished Creatures
  A bullfrog zombie (D:5)
  A bullfrog skeleton (D:4)
  An iguana (D:4)
  2 orc wizards
  Ijyb (D:4)
  Natasha (twice) (D:3)
  A hound skeleton (D:4)
  5 gnolls
  6 adders
  2 worms
  12 orcs
  6 endoplasms
  3 giant cockroaches
  6 hobgoblins
  8 jackals (D:1)
  9 kobolds
  4 quokkas
  5 ball pythons
  6 bats
  5 frilled lizards
  2 goblins
  5 rats
93 creatures vanquished.

Notes
Turn   | Place    | Note
-------+----------+-------------------------------------------
     0 | D:1      | pkoi the Draconian Fighter began the quest for the Orb.
     0 | D:1      | Reached XP level 1. HP: 19/19 MP: 1/1
   121 | D:1      | Reached XP level 2. HP: 22/26 MP: 2/2
   361 | D:1      | Reached skill level 3 in Unarmed Combat
  1113 | D:2      | Reached XP level 3. HP: 25/31 MP: 3/3
  1232 | D:2      | Reached skill level 4 in Unarmed Combat
  1472 | D:2      | Found a faded altar of an unknown god.
  1611 | D:3      | Reached XP level 4. HP: 35/38 MP: 4/4
  2286 | D:2      | Reached skill level 5 in Unarmed Combat
  2899 | D:3      | Reached XP level 5. HP: 45/45 MP: 5/5
  2950 | D:3      | Found Qaogogh's Antique Armour Shoppe.
  3157 | D:3      | Noticed Natasha
  3169 | D:3      | Killed Natasha
  3259 | D:3      | Noticed Natasha
  3266 | D:3      | Killed Natasha
  3345 | D:4      | Reached skill level 6 in Unarmed Combat
  3489 | D:4      | Noticed Ijyb
  3491 | D:4      | Found a white marble altar of Elyvilon.
  3525 | D:4      | Became a worshipper of Elyvilon the Healer
  3849 | D:4      | Reached XP level 6. HP: 43/51 MP: 6/6
  3913 | D:4      | Killed Ijyb
  4073 | D:4      | Found a sparkling altar of Nemelex Xobeh.
  4490 | D:5      | Entered Level 5 of the Dungeon
  4493 | D:5      | Found Voifuz's Book Emporium.
  4526 | D:5      | Reached skill level 7 in Unarmed Combat
  4603 | D:5      | Noticed a wyvern
  4900 | D:5      | Noticed Blork the orc
  4911 | D:5      | Slain by a wyvern

Illustrated notes

Levels and vault maps discovered:
D:1:      co_arrival_square_in_a_square_in_a_square, layout_basic, serial_glass,
          glass_columns_c, glass_columns_b, st_stairs_3
D:2:      layout_basic, hellmonk_ecumenical_altar_inner_sanctum
D:3:      layout_rooms, serial_shops, shop_fountains, grunt_ministairs_4,
          uniq_natasha
D:4:      layout_cave_pools, mainiacjoe_overflow_catch_the_wave, uniq_ijyb
D:5:      layout_rooms, serial_glass, glass_columns_c, glass_columns_c,
          glass_columns_c, glass_columns_a, serial_shops, shop_fountains,
          uniq_menkaure, uniq_blork_the_orc

Skill      XL: |  1  2  3  4  5  6 |
---------------+-------------------+-----
Unarmed Combat | 3 4 5 6 7 |  7.2
Fighting       | |  3.2
Dodging        | |  2.6
Shields        | |  3.0

Action                   |  1- 3 |  4- 6 || total
-------------------------+-------+-------++-------
Melee: Unarmed           |   115 |    50 ||   165
       Tailslap          |    18 |    48 ||    66
       Dagger            |       |   167 ||   167
  Use: Scroll            |       |     4 ||     4
 Stab: Sleeping          |     4 |       ||     4
Armor: Skin              |    45 |    63 ||   108
Dodge: Dodged            |    53 |   125 ||   178
Block: Kite shield       |    46 |   123 ||   169
